 Dungeon Crawl Stone Soup version 0.31-a0-949-g57150269e1 (webtiles) character file.

Game seed: 8130221342477350577

4240 skwerlee the Protected (level 10, -3/90 HPs)
             Began as a Minotaur Fighter on Oct 22, 2023.
             Was an Initiate of Gozag.
             Succumbed to Amaemon's poison
             ... on level 1 of the Lair of Beasts.
             The game lasted 00:16:13 (6481 turns).

skwerlee the Protected (Minotaur Fighter)           Turns: 6481, Time: 00:16:14

Health: -3/90      AC: 11    Str: 25    XL:     10   Next: 9%
Magic:  18/18      EV:  9    Int:  9    God:    Gozag
Gold:   897        SH:  5    Dex: 10    Spells: 9/9 levels left

rFire   . . .        q - +8 hammer of Fear {flame, rC- rCorr Int+4}
rCold   x . .        c - +0 buckler
rNeg    . . .        j - +0 chain mail
rPois   .            (helmet currently unavailable)
rElec   .            (cloak currently unavailable)
rCorr   +            (gloves currently unavailable)
SInv    .            (boots currently unavailable)
Will    .....        (no amulet) Stlth
                     w - ring of resist corrosion
HPRegen 0.35/turn    s - ring of magical power
MPRegen 0.16/turn

%: no passive effects
@: lethally poisoned (-3 -> -53), beast-form, silenced
A: beast (slay +0), horns 2, retaliatory headbutt
a: Begin Untransformation, Renounce Religion


You were on level 1 of the Lair of Beasts.
You worshipped Gozag.
Gozag was pleased with you.
You were a hulking beast.
You visited 2 branches of the dungeon, and saw 10 of its levels.

You collected 989 gold pieces.
You paid 92 gold pieces to Gozag.

Inventory:

Hand Weapons
 a - a +0 war axe of flaming
 q - the +8 hammer of Fear (weapon) {flame, rC- rCorr Int+4}
   (You found it on level 2 of the Dungeon)

   Int+4:     It affects your intelligence (+4).
   rC-:       It makes you vulnerable to cold.
   rCorr:     It protects you from acid and corrosion.
 y - a +0 shortbow
Missiles
 g - 2 throwing nets
Armour
 b - a +0 scale mail
 c - a +0 buckler (worn)
 j - a +0 chain mail (worn)
Jewellery
 s - a ring of magical power (right hand)
 w - a ring of resist corrosion (left hand)
 A - a ring of ice
Talismans
 H - a beast talisman (active)
Wands
 p - a wand of polymorph (8) (quivered)
 v - a wand of acid (9)
 D - a wand of flame (21)
 F - a wand of iceblast (11)
Scrolls
 e - a scroll of brand weapon
 h - a scroll of fear
 k - a scroll of noise {unknown}
 l - a scroll of poison {unknown}
 m - a scroll of vulnerability
 o - 2 scrolls of silence
 t - a scroll of fog
 x - a scroll of enchant armour {unknown}
 B - 2 scrolls of identify
 C - a scroll of teleportation {unknown}
 G - a scroll of immolation {unknown}
Potions
 d - a potion of might
 f - a potion of ambrosia {unknown}
 i - a potion of magic {unknown}
 n - 2 potions of heal wounds
 r - a potion of invisibility {unknown}
 u - 2 potions of haste
 z - 2 potions of lignification
 E - a potion of curing


   Skills:
 + Level 8.4 Fighting
 - Level 5.4(8.3) Axes
 + Level 9.8(10.4) Maces & Flails
 + Level 9.9 Armour
 + Level 3.1 Dodging
 - Level 0.6 Stealth
 - Level 6.4 Shields


You had 9 spell levels left.
You didn't know any spells.
Your spell library contained the following spells:

 Spells                   Type           Power      Damage    Failure   Level
 Lesser Beckoning         Tloc           0%         N/A       96%         2
 Gell's Gravitas          Tloc           0%         N/A       99%         3
 Teleport Other           Tloc           0%         N/A       99%         3


Dungeon Overview and Level Annotations

Branches:
Dungeon (9/15)             Temple (0/1) D:7            Lair (1/5) D:9
    Orc: D:9-12

Altars:
Ashenzari
Elyvilon
Gozag
Nemelex Xobeh
Qazlal
Ru

Shops:
D:7 (

Annotations:
Lair:1 Amaemon


Innate Abilities, Weirdness & Mutations

You are a hulking beast.
Your limbs bulge with bestial killing power. (Slay +0)
You have a pair of horns on your head.
You reflexively headbutt those who attack you in melee.


Message History

You sock the cane toad! You burn the cane toad.
The cane toad is moderately wounded.
You feel very sick.
The orange demon stings you but does no damage.
Amaemon hits you with a +0 demon whip of venom!
You block Amaemon's attack.
Amaemon tail-slaps you but does no damage.
The cane toad stings you!!
You are more poisoned.
The cane toad poisons you!
Okay, then.
Okay, then.
As you read the scroll of silence, it crumbles to dust.
A profound silence engulfs you.
You feel very sick. The cane toad stings you.
Amaemon hits you with a +0 demon whip of venom!
You are lethally poisoned!
Amaemon claws you. Amaemon barely misses you.
The orange demon stings you from afar.
* * * LOW HITPOINT WARNING * * *
* * * LOW HITPOINT WARNING * * *
You feel extremely sick. The cane toad barely misses you.
You sock Amaemon! You burn Amaemon.
Amaemon is lightly wounded.
* * * LOW HITPOINT WARNING * * *
You feel very sick.
The cane toad stings you but does no damage.
Amaemon barely misses you. You furiously retaliate!
You headbutt Amaemon. Amaemon claws you.
* * * LOW HITPOINT WARNING * * *
Amaemon tail-slaps you.
* * * LOW HITPOINT WARNING * * *
You are more poisoned.
Amaemon poisons you! You block the orange demon's attack.
You barely miss Amaemon. You headbutt Amaemon!
Amaemon is moderately wounded.
You die...
Your body crumbles into a pile of gold.

###......#
.P#......#
.........##
##
#P......P#
..
#.......#.#
#........
#....4.#
#F6# ##h#
## #.#
#.####'###
#........#
#........#
#........#
+........+
#........#
#........#


You could see Amaemon, an orange demon and a cane toad.

Vanquished Creatures
  Sigmund (D:2)
  3 wyverns (D:8)
  2 steam dragons (D:8)
  3 wargs (D:9)
  A water moccasin (D:6)
  2 orc warriors (D:7)
  4 black bears
  An ice beast (D:7)
  3 ogres
  A centaur (D:5)
  A phantom (D:6)
  7 bullfrogs
  A kobold brigand (D:7)
  2 scorpions
  3 howler monkeys
  Crazy Yiuf (D:2)
  6 orc priests
  A gnoll bouda (D:5)
  3 jellies
  A sleepcap (D:5)
  Jessica (D:3)
  8 iguanas
  Natasha (thrice) (D:2)
  8 orc wizards
  11 gnolls
  9 adders
  4 dart slugs
  31 orcs
  3 ball pythons
  4 endoplasms
  5 giant cockroaches
  2 goblins
  6 hobgoblins
  2 quokkas
  6 bats
  2 frilled lizards
  12 kobolds
  6 rats
170 creatures vanquished.

Notes
Turn   | Place    | Note
-------+----------+-------------------------------------------
     0 | D:1      | skwerlee the Minotaur Fighter began the quest for the Orb.
     0 | D:1      | Reached XP level 1. HP: 19/19 MP: 0/0
   250 | D:1      | Reached XP level 2. HP: 26/27 MP: 1/1
   609 | D:2      | Noticed Natasha
   613 | D:2      | Killed Natasha
   614 | D:2      | Reached XP level 3. HP: 33/33 MP: 2/2
   619 | D:2      | Noticed Sigmund
   629 | D:2      | Killed Sigmund
   630 | D:2      | Reached skill level 5 in Armour
   630 | D:2      | Reached XP level 4. HP: 28/41 MP: 3/3
   630 | D:2      | Reached XP level 5. HP: 32/47 MP: 4/4
   715 | D:2      | Noticed Natasha
   718 | D:2      | Killed Natasha
   719 | D:2      | Reached skill level 5 in Fighting
   722 | D:2      | Noticed Natasha
   723 | D:2      | Reached skill level 5 in Shields
   731 | D:2      | Killed Natasha
   947 | D:2      | Reached XP level 6. HP: 46/56 MP: 5/5
  1032 | D:2      | Found a runed translucent door.
  1033 | D:2      | Noticed Crazy Yiuf
  1409 | D:2      | Killed Crazy Yiuf
  1483 | D:2      | Identified the +8 hammer of Fear {flame, rC- rCorr Int+4}
  1537 | D:3      | Found a faded altar of an unknown god.
  1628 | D:3      | Identified the +10 plate armour "Byzihec" {Int+5}
  1692 | D:3      | Found a sacrificial altar of Ru.
  1805 | D:3      | Found a sparkling altar of Nemelex Xobeh.
  1835 | D:3      | Noticed Jessica
  1841 | D:3      | Killed Jessica
  2266 | D:4      | Reached skill level 5 in Axes
  2266 | D:4      | Reached skill level 1 in Maces & Flails
  2266 | D:4      | Reached XP level 7. HP: 62/62 MP: 6/6
  2703 | D:4      | Identified the +0 leather armour of Lugonu, Brewing {rN+
                  | Str+3}
  2795 | D:5      | Entered Level 5 of the Dungeon
  2836 | D:5      | Reached skill level 1 in Dodging
  2890 | D:5      | HP: 3/63 [gnoll/+0 spear[a gnoll bouda] (6)]
  3146 | D:4      | Reached XP level 8. HP: 57/70 MP: 7/7
  3488 | D:5      | Found a broken altar of Ashenzari.
  3937 | D:6      | Reached skill level 5 in Maces & Flails
  4416 | D:6      | Found an opulent altar of Gozag.
  4419 | D:6      | Became a worshipper of Gozag Ym Sagoz the Greedy
  4602 | D:7      | Found a stormy altar of Qazlal.
  4611 | D:7      | Reached XP level 9. HP: 79/79 MP: 8/8
  4726 | D:7      | Found a white marble altar of Elyvilon.
  4849 | D:7      | Found a staircase to the Ecumenical Temple.
  4901 | D:7      | Found Guqerek's Antique Weapon Shop.
  6121 | D:9      | Found a staircase to the Lair.
  6137 | D:9      | Reached XP level 10. HP: 75/89 MP: 9/9
  6415 | Lair:1   | Entered Level 1 of the Lair of Beasts
  6424 | Lair:1   | Identified the +4 hand axe of Beogh, Blushing {flame,
                  | +Blink}
  6472 | Lair:1   | Noticed Amaemon
  6472 | Lair:1   | Noticed a cane toad
  6473 | Lair:1   | Noticed an orange demon
  6481 | Lair:1   | Succumbed to Amaemon's poison

Illustrated notes

Levels and vault maps discovered:
D:1:      beargit_arrival_diablo_church, layout_basic
D:2:      layout_loops_ring, serial_bayou_crossing, uniq_crazy_yiuf_cottage,
          uniq_sigmund, uniq_natasha
D:3:      layout_loops_ring, hangedman_ru_absence, nemelex_spade_bored_becter,
          nicolae_ecumenical_pavilion, uniq_jessica
D:4:      layout_basic
D:5:      corexii_shack_village, layout_basic, lemuel_crystal_altar,
          serial_rivers, chequers_serial_rivers_micro_a,
          chequers_serial_rivers_marsh, chequers_serial_rivers_micro_a,
          chequers_serial_rivers_marsh, wad_rectangle_vault
D:6:      layout_cave_pools, kennysheep_mini_moat
D:7:      layout_loops_cross, mainiacjoe_overflow_cross_hatched,
          elyvilon_altar_5, temple_hall, serial_shops, shop, eino_tiny_chamber,
          grunt_ministairs_11
D:8:      layout_basic
D:9:      layout_basic, led_sif_pool, grunt_temple_overflow_open,
          kennysheep_little_box, erik_lair_orcish_takeover
Lair:1:   layout_roguey, basic_altar, uniq_fannar, uniq_amaemon, uniq_erica

Skill      XL: |  1  2  3  4  5  6  7  8  9 |
---------------+----------------------------+-----
Armour         | 4 5 6 8 9 |  9.9
Fighting       | 4 5 6 7 8 |  8.4
Shields        | 4 5 6 |  6.4
Axes           | 3 4 5 |  5.4
Maces & Flails | 1 3 5 9 |  9.8
Dodging        | 1 2 3 |  3.1
Stealth        | |  0.6

Action                     |  1- 3 |  4- 6 |  7- 9 | 10-12 || total
---------------------------+-------+-------+-------+-------++-------
  Melee: War axe           |    29 |    56 |       |       ||    85
         Headbutt          |     3 |    11 |    31 |     4 ||    49
         Mace              |       |    29 |   239 |    23 ||   291
    Use: Scroll            |       |     1 |     5 |     3 ||     9
         Potion            |       |       |     6 |       ||     6
 Armour: Scale mail        |    17 |     5 |       |       ||    22
         Chain mail        |       |    57 |   196 |    27 ||   280
  Dodge: Dodged            |    14 |    43 |   111 |    10 ||   178
  Block: Buckler           |     7 |    21 |    55 |     5 ||    88
   Form: Beast             |       |       |       |     1 ||     1

Table legend: (Time is in decaauts)
 A = Elapsed time spent in this place.
 B = Non-inter-level travel time spent in this place.
 C = Inter-level travel time spent in this place.
 D = Time resting spent in this place.
 E = Time spent auto-exploring this place.
 F = Levels seen in this place.
 G = Mean time per level.
                   A        B        C        D        E       F      G
               +--------+--------+--------+--------+--------+-----+--------+
         Total |   6531 |   6331 |    200 |   1553 |   3773 |  10 |  653.1 |
       Dungeon |   6466 |   6266 |    200 |   1553 |   3724 |   9 |  718.4 |
          Lair |     65 |     65 |      0 |      0 |     49 |   1 |   65.0 |
               +--------+--------+--------+--------+--------+-----+--------+

Top non-repeatable levels by time:
     D:2: 1008 daAuts
     D:5: 961 daAuts
     D:7: 913 daAuts
     D:8: 878 daAuts
     D:4: 753 daAuts
     D:6: 752 daAuts
     D:3: 569 daAuts
     D:1: 566 daAuts
  Lair:1: 65 daAuts
     D:9: 63 daAuts
